cohdb
Replays
Latest Replays
All Replays
Popular Replays
Top Player Replays
Match Explorer
How It Works
Community
CoH3 Stats
Reddit
Sign in to upload your games and track your stats! →
Sign in with Steam
Match 45899489
Unlisted
Match 45899489
Overview
Messages
Build Orders
End
Kradschützen Motorcycle Team
Panzerpioneer Squad
Selects Italian Infantry
Panzerpioneer Squad
Construct Light Support Kompanie
Panzerpioneer Squad
MG34 Team
2.5-tonne Medical Truck
Selects Sound the Alarm
Panzerjäger Mechanized Group
Fire Support Elements
Pak 38 Anti-tank Gun Team
Flakvierling Half-track
Panzerpioneer Squad
Selects Guastatori Squad
Selects Registered Artillery
Joo Shiyoung
LarryTheMan911
Adult Asthma Is A Choice
P3prime
0
0
Comments
sign in to comment!
No comments posted yet!